 Dungeon Crawl Stone Soup version 0.29.0-15-g675c0067aa (webtiles) character file.

Game seed: 69935787018394986

77 qw the Chopper (level 4, -3/28 HPs)
             Began as a Gargoyle Fighter on Sept 12, 2022.
             Slain by a gnoll
             ... wielding a +0 halberd
              (5 damage)
             ... on level 2 of the Dungeon.
             The game lasted 00:00:38 (2431 turns).

qw the Chopper (Gargoyle Fighter)                   Turns: 2431, Time: 00:00:39

Health: -3/28      AC: 11    Str: 21    XL:     4   Next: 34%
Magic:  4/4        EV:  9    Int:  9    God:
Gold:   180        SH:  4    Dex:  9    Spells: 3/3 levels left

rFire   . . .      SeeInvis .   Y - +2 war axe
rCold   . . .      Faith    .   c - +0 buckler
rNeg    + . .      Spirit   .   b - +0 scale mail
rPois   inf        Reflect  .   (no helmet)
rElec   +          Harm     .   (no cloak)
rCorr   .          Rampage  .   f - +0 pair of gloves
Will    .....                   (no boots)
Stlth   ..........              (no amulet)
HPRegen 0.09/turn               (no ring)
MPRegen 0.09/turn               (no ring)

@: no status effects
A: sickness immunity, AC +3, negative energy resistance 1, electricity
resistance, torment resistance 1, petrification resistance
a: no special abilities


You were on level 2 of the Dungeon.
You visited 1 branch of the dungeon, and saw 2 of its levels.

You collected 180 gold pieces.


Innate Abilities, Weirdness & Mutations

You are immune to sickness and miasma.
Your stone body is resilient. (AC +3)
You are immune to poison.
You resist negative energy. (rN+)
You are resistant to electric shocks. (rElec)
You are resistant to unholy torment.
You are immune to petrification.


   Skills:
 - Level 3.2 Fighting
 + Level 4.1 Axes
 - Level 3.2 Armour
 - Level 3.2 Shields


You had 3 spell levels left.
You didn't know any spells.
Your spell library was empty.

Inventory:

Hand Weapons
 i - a +0 flail
 Y - a +2 war axe (weapon)
Armour
 b - a +0 scale mail (worn)
 c - a +0 buckler (worn)
 f - a +0 pair of gloves (worn)
Scrolls
 a - 2 scrolls of enchant armour {unknown}
 h - 2 scrolls of blinking {unknown}
 j - a scroll of magic mapping {unknown}
 k - a scroll of teleportation {unknown}
Potions
 d - 2 potions of might
 e - 2 potions of heal wounds {unknown}
 g - a potion of curing {unknown}

Dungeon Overview and Level Annotations

Branches:
Dungeon (2/15)

Altars:


Message History

You see here a quokka corpse. 3 gnolls come into view.
The gnoll shouts! x3; You hear a shout!
2421 ||| Stepping ~*~*~tactically~*~*~ (hiding).
You slash the gnoll!
The gnoll is heavily wounded.
You block the gnoll's attack. The gnoll barely misses you.
You slash the gnoll!
You kill the gnoll!
You barely miss the gnoll. The gnoll misses you.
You closely miss the gnoll.
The gnoll hits you but does no damage. x2; The gnoll hits you with a +0 whip!
The gnoll hits you but does no damage.
You slash the gnoll!
You kill the gnoll!
The gnoll hits you from afar with a +0 halberd.
Your Axes skill increases to level 4!
A gnoll comes into view. It is wielding a +0 flail.
The gnoll shouts!
Things that are here:
a +0 whip; a +0 whip; a gnoll corpse You hit the gnoll.
The gnoll is heavily wounded.
You completely miss the gnoll.
The gnoll barely misses you. x2; The gnoll hits you with a +0 halberd.
You block the gnoll's attack.
You closely miss the gnoll.
The gnoll is heavily wounded.
You barely miss the gnoll. You block the gnoll's attack.
The gnoll closely misses you.
You barely miss the gnoll.
The gnoll is heavily wounded.
You closely miss the gnoll. The gnoll hits you with a +0 halberd!
You block the gnoll's attack.
You slash the gnoll!
You kill the gnoll!
You barely miss the gnoll. The gnoll hits you with a +0 halberd.
You die...

##'## #.# ..
#.# .# ##.## .#
..###)..#### .#
...........# .#
..###...##.# .#
##.###.######)#
### #.%....@g#
##########


You could see a gnoll.

Vanquished Creatures
  3 gnolls (D:2)
  An adder (D:2)
  2 worms (D:2)
  4 bats
  3 endoplasms (D:1)
  2 giant cockroaches (D:1)
  4 goblins
  5 hobgoblins
  2 jackals (D:2)
  2 quokkas (D:2)
  6 ball pythons
  4 frilled lizards (D:1)
  3 kobolds
  2 rats (D:2)
43 creatures vanquished.

Notes
Turn   | Place    | Note
-------+----------+-------------------------------------------
     0 | D:1      | qw the Gargoyle Fighter began the quest for the Orb.
     0 | D:1      | Reached XP level 1. HP: 14/14 MP: 1/1
     0 | D:1      | 0 ||| qw: Version: 0.1-a-119-g272c26d
     0 | D:1      | 0 ||| qw: Game counter: 11016
     0 | D:1      | 0 ||| qw: Always use a shield: true
     0 | D:1      | 0 ||| qw: God list: Okawaru
     0 | D:1      | 0 ||| qw: Allow faded altars: false
     0 | D:1      | 0 ||| qw: Do Orc after D:15 true
     0 | D:1      | 0 ||| qw: Do second Lair branch before Depths: true
     0 | D:1      | 0 ||| qw: Lair rune preference: random
     0 | D:1      | 0 ||| qw: Plans: Normal, Zot, God:TSO, Crypt, Tomb, Pan,
                  | Slime, Hells, Zig, Abyss, Orb
     0 | D:1      | 0 ||| PLANNING D:1-11
    77 | D:1      | Reached skill level 2 in Axes
   273 | D:1      | Reached XP level 2. HP: 19/19 MP: 2/2
  1179 | D:1      | Reached skill level 3 in Axes
  1326 | D:1      | Reached XP level 3. HP: 23/23 MP: 3/3
  1458 | D:1      | Found a faded altar of an unknown god.
  1535 | D:1      | 1535 ||| UPGRADING to +0 pair of gloves.
  1540 | D:1      | 1540 ||| READING scroll labelled NODOL MUWECS.
  1541 | D:1      | 1541 ||| READING 2 scrolls labelled UGAIMUIFIBI.
  1542 | D:1      | 1542 ||| READING scroll of enchant weapon.
  1542 | D:1      | 1542 ||| ENCHANTING +1 war axe.
  1543 | D:1      | 1543 ||| DRINKING 3 glowing yellow potions.
  1544 | D:1      | 1544 ||| DROPPING 2 potions of flight.
  1927 | D:2      | 1927 ||| Stepping ~*~*~tactically~*~*~ (stealth).
  2225 | D:2      | 2225 ||| DROPPING +0 mace.
  2289 | D:2      | 2289 ||| Stepping ~*~*~tactically~*~*~ (hiding).
  2302 | D:2      | 2302 ||| Stepping ~*~*~tactically~*~*~ (stealth).
  2303 | D:2      | 2303 ||| Stepping ~*~*~tactically~*~*~ (stealth).
  2414 | D:2      | Reached XP level 4. HP: 28/28 MP: 4/4
  2421 | D:2      | 2421 ||| Stepping ~*~*~tactically~*~*~ (hiding).
  2427 | D:2      | Reached skill level 4 in Axes
  2430 | D:2      | HP: 2/28 [gnoll/+0 halberd (9)]
  2431 | D:2      | Slain by a gnoll

Levels and vault maps discovered:
D:1:      giann_wishing_wells, layout_loops_ring,
          dreamdust_ecumenical_altar_hidden_monk_grotto, dk_noncrumbling_3,
          corexii_hall_statues_i
D:2:      layout_loops_corners

Skill      XL: |  1  2  3  4 |
---------------+-------------+-----
Axes           | 2 3 4 |  4.1
Fighting       | |  3.2
Armour         | |  3.2
Shields        | |  3.2

Action                   |  1- 3 |  4- 6 || total
-------------------------+-------+-------++-------
Melee: War axe           |   122 |     9 ||   131
  Use: Scroll            |     3 |       ||     3
       Potion            |     1 |       ||     1
Armor: Scale mail        |    47 |     3 ||    50
Dodge: Dodged            |    39 |     5 ||    44
Block: Buckler           |    27 |     4 ||    31

Table legend:
 A = Non-vault XP
 B = Vault XP
 C = Vault XP percentage of total XP
 D = Non-vault monster count
 E = Vault monster count
 F = Vault count percentage of total count
                 A         B        C        D         E       F
            +---------+---------+-------+---------+---------+-------
      Total |     126 |       0 |   0.0 |      43 |       0 |   0.0
            +---------+---------+-------+---------+---------+-------
        D:1 |      36 |       0 |   0.0 |      21 |       0 |   0.0
        D:2 |      90 |       0 |   0.0 |      22 |       0 |   0.0
            +---------+---------+-------+---------+---------+-------
